 Dungeon Crawl Stone Soup version 0.23.1 (webtiles) character file.

Game seed: 3225785492819718593

21 Borgoz the Sneak (level 2, -1/22 HPs)
             Began as a Ghoul Enchanter on Mar 3, 2019.
             Slain by an adder (2 damage)
             ... on level 2 of the Dungeon.
             The game lasted 00:02:24 (1016 turns).

Borgoz the Sneak (Ghoul Enchanter)                  Turns: 1016, Time: 00:02:25

Health: -1/22      AC:  2    Str: 11    XL:     2   Next: 83%
Magic:  0/3        EV: 12    Int: 10    God:
Gold:   20         SH:  0    Dex:  9    Spells: 1/4 levels left

rFire    . . .     SeeInvis .   g - +0 dagger (curse)
rCold    + . .     Gourm    .   (no shield)
rNeg     + + +     Faith    .   b - +0 robe
rPois    ∞         Spirit   .   (no helmet)
rElec    .         Reflect  .   (no cloak)
rCorr    .         Harm     .   (no gloves)
MR       .....                  (no boots)
Stlth    ++........             (no amulet)
HPRegen  0.00/turn              (no ring)
MPRegen  0.08/turn              (no ring)

@: very slightly contaminated, rotting
A: rotting body, claws 1, carnivore, cold resistance 1, negative energy
resistance 3, inhibited regeneration, torment resistance, unbreathing
a: no special abilities


You were on level 2 of the Dungeon.
You were not hungry.

You visited 1 branch of the dungeon, and saw 2 of its levels.

You collected 20 gold pieces.

Inventory:

Hand Weapons
 a - a +1 dagger
 c - a +0 short sword
 g - a cursed +0 dagger (weapon)
Armour
 b - a +0 robe (worn)
Scrolls
 h - a scroll of magic mapping
Comestibles
 d - 5 rations
 f - 3 chunks of flesh


   Skills:
 * Level 0.5 Fighting
 * Level 1.1 Short Blades
 + Level 0.1 Armour
 * Level 2.1 Dodging
 + Level 3.7 Stealth
 - Level 1.7 Spellcasting
 - Level 2.5 Hexes


You had one spell level left.
You knew the following spells:

 Your Spells              Type           Power        Failure   Level  Hunger
a - Corona                Hex            #......      11%         1    ##.....
b - Ensorcelled Hibernat  Hex/Ice        #.....       28%         2    ###....

Your spell library contained the following spells:

 Spells                   Type           Power        Failure   Level  Hunger
 Confuse                  Hex            #.......     32%         3    ####...
 Tukima's Dance           Hex            #.......     32%         3    ####...
 Dazzling Spray           Conj/Hex       #.....       50%         3    ####...


Dungeon Overview and Level Annotations

Branches:
Dungeon (2/15)

Altars:


Innate Abilities, Weirdness & Mutations

Your body is rotting away.
You thrive on raw meat.
You are immune to poison.
You have sharp fingernails.
You are carnivorous and can eat meat at any time.
Your flesh is cold resistant. (rC+)
You are immune to negative energy. (rN+++)
You do not regenerate when monsters are visible.
You are immune to unholy pain and torment.
You can survive without breathing.


Message History

You closely miss the adder.
The adder is lightly wounded.
The adder barely misses you. x2
You hit the adder but do no damage.
The adder is lightly wounded.
The adder closely misses you.
You closely miss the adder.
The adder is lightly wounded.
The adder closely misses you.
You hit the adder.
The adder is moderately wounded.
The adder closely misses you.
You barely miss the adder.
The adder is moderately wounded.
The adder closely misses you. The adder bites you.
* * * LOW HITPOINT WARNING * * *
You hit the adder but do no damage.
The adder is moderately wounded.
The adder bites you.
You die...

#........?......
#.######...##### #
#...# #...# #...#
#####...#
#.......# #
#.###...# ####.
#@# #####
.....#####S######.
#.......#r......#
#............?.##
#.####..#.##.##.#
#......# .#
#.#..#.....
#.........##...
#.......#^...#..


You could see an adder and a rat.

Vanquished Creatures
  A leopard gecko (D:1)
  4 goblins
  3 hobgoblins
  3 jackals (D:1)
  A kobold (D:1)
  2 bats (D:1)
  2 frilled lizards
  A rat (D:1)
17 creatures vanquished.

Notes
Turn   | Place    | Note
-------+----------+-------------------------------------------
     0 | D:1      | Borgoz the Ghoul Enchanter began the quest for the Orb.
     0 | D:1      | Reached XP level 1. HP: 14/14 MP: 2/2
   354 | D:1      | Reached XP level 2. HP: 14/20 MP: 1/3
   596 | D:1      | Learned a level 2 spell: Ensorcelled Hibernation
   672 | D:1      | Reached skill level 1 in Short Blades
  1015 | D:2      | HP: 1/22 [adder (2)]
  1016 | D:2      | Slain by an adder

Skill      XL: |  1  2 |
---------------+-------+-----
Dodging        | 2 |  2.1
Short Blades   | 1 |  1.1
Fighting       | |  0.5
Armour         | |  0.1
Stealth        | |  3.7
Spellcasting   | |  1.7
Hexes          | |  2.5

Action                   || total
-------------------------++-------
Melee: Dagger            ||    89
 Cast: Corona            ||     3
  Use: Potion            ||     3
       Scroll            ||     3
 Stab: Sleeping          ||     5
  Eat: Chunk             ||     7
Armor: Robe              ||    24
Dodge: Dodged            ||   105
